 Dungeon Crawl Stone Soup version bcrawl-1.32 (webtiles) character file.

Game seed: 4906890234611667998

106743 Morbidden the Ducker (level 3, -1/28 HPs)
             Began as a Djinni Archaeologist on June 27, 2021.
             Slain by a sky beast (6 damage)
             ... on level 3 of the Dungeon.
             The game lasted 00:02:35 (2015 turns).

Morbidden the Ducker (Djinni Archaeologist)         Turns: 2015, Time: 00:02:35

Health: -1/28      AC:  4    Str: 14    XL:     3   Next: 91%
Magic:  3/3        EV: 13    Int: 16    God:
Gold:   118        SH:  0    Dex:  9    Spells: 2/2 levels left

rFire    . . .     SeeInvis .   a - +0 short sword
rCold    . . .     Gourm    .   (no shield)
rNeg     . . .     Faith    .   c - +1 robe
rPois    .         Spirit   .   d - +1 hat
rElec    .         Reflect  .   (no cloak)
rCorr    .         Harm     .   (no gloves)
MR       .....     Rnd*Rage +   (boots unavailable)
Stlth    ++........             (no amulet)
HPRegen  0.09/turn              (no ring)
MPRegen  0.08/turn              (no ring)

@: flying
A: never pass out, berserk 2, blurry vision 2, wild magic 1, MP-powered wands,
floating
a: no special abilities


You were on level 3 of the Dungeon.
You were not hungry.

You visited 1 branch of the dungeon, and saw 3 of its levels.

You collected 118 gold pieces.

Inventory:

Hand Weapons
 a - a +0 short sword (weapon)
 b - a +0 blowgun
Missiles
 f - 2 curare-tipped needles
 p - 135 poisoned needles
Armour
 c - a +1 robe (worn)
 d - a +1 hat (worn)
Jewellery
 l - an uncursed ring of fire
Scrolls
 g - 3 scrolls of magic mapping
 i - 2 scrolls of identify
 n - a scroll of fog {unknown}
 o - a scroll of remove curse {unknown}
 q - a scroll of enchant armour {unknown}
 r - a scroll of teleportation {unknown}
Potions
 j - a potion of flight {unknown}
 k - a potion of curing {unknown}
 s - 2 potions of resistance {unknown}
Miscellaneous
 h - a dusty tome
Comestibles
 e - 9 rations {!d}
 m - a chunk of flesh


   Skills:
 + Level 1.3 Fighting
 + Level 1.4 Short Blades
   Level 1.0 Maces & Flails
 + Level 3.7 Dodging
 + Level 3.1 Stealth


You had 2 spell levels left.
You didn't know any spells.
Your spell library was empty.

Dungeon Overview and Level Annotations

Branches:
Dungeon (3/12)

Altars:
Ashenzari


Innate Abilities, Weirdness & Mutations

You never pass out after going berserk.
You often lose your temper in combat.
Scrolls take you longer to read.
Your spells are a little harder to cast, but a little more powerful.
You expend magic power (3 MP) to strengthen your wands.
Your body floats in the air.


Message History

The sky beast seems to be slow for longer.
The sky beast is moderately wounded.
The sky beast closely misses you.
No path to travel!
a - a +0 short sword (weapon)
You closely miss the sky beast.
The sky beast is heavily wounded.
The sky beast flickers out of sight!
Deactivating autopickup; reactivate with Ctrl-A.
Something hits you. Something shocks you.
You hit something. Something hits you. Something shocks you.
You closely miss something. You closely miss something. Something hits you.
Something shocks you.
* * * LOW HITPOINT WARNING * * *
You closely miss something.
A sky beast appears from thin air!
Reactivating autopickup.
The sky beast hits you.
* * * LOW HITPOINT WARNING * * *
The sky beast shocks you.
You die...

###.########.## .##.#
#.# ....# #.# .####
##+## ## ##...## # ##
##.....## ##.##
##.......##
#...####.........####...
.......+........@Y......
#...####.........####...
##.## ##..รท....## ####
##.....## ...# ##...##
##.#### ###'######
......# #........#
##.##.# #........#
##.##.# #.#.####.#


You could see a sky beast.

Vanquished Creatures
  An ooze (D:2)
  2 worms
  2 dart slugs (D:1)
  3 leopard geckos
  A ball python (D:1)
  2 giant cockroaches
  4 goblins
  10 hobgoblins
  2 jackals (D:2)
  3 quokkas (D:3)
  2 bats
  2 frilled lizards (D:1)
  5 kobolds
  2 rats
41 creatures vanquished.

Notes
Turn   | Place    | Note
-------+----------+-------------------------------------------
     0 | D:1      | Morbidden the Djinni Archaeologist began the quest for the
                  | Orb.
     0 | D:1      | Reached XP level 1. HP: 16/16 MP: 1/1
   176 | D:1      | Reached XP level 2. HP: 12/23 MP: 2/2
   692 | D:1      | Found a shattered altar of Ashenzari.
   951 | D:2      | Reached XP level 3. HP: 28/28 MP: 3/3
  1372 | D:2      | Reached skill level 1 in Short Blades
  2004 | D:3      | Noticed a sky beast
  2015 | D:3      | Slain by a sky beast

Skill      XL: |  1  2  3 |
---------------+----------+-----
Stealth        | 3 |  3.1
Short Blades   | 1 |  1.4
Fighting       | |  1.3
Maces & Flails | |  1.0
Dodging        | |  3.7

Action                   || total
-------------------------++-------
Melee: Whip              ||    25
       Short sword       ||   140
 Fire: Blowgun           ||     4
 Stab: Sleeping          ||     8
  Eat: Chunk             ||     8
Armor: Robe              ||    36
Dodge: Dodged            ||    94
